 Dungeon Crawl Stone Soup version 0.30-a0-1094-g860fb061e7 (webtiles) character file.

Game seed: 199230174535975687

200 lunkers the Slasher (level 6, -1/51 HPs)
             Began as a Meteoran Fighter on Apr 17, 2023.
             Slain by an orc wizard
             ... wielding a +0 dagger
              (2 damage)
             ... on level 4 of the Dungeon.
             The game lasted 00:03:51 (1670 turns).

lunkers the Slasher (Meteoran Fighter)              Turns: 1670, Time: 00:03:52

Health: -1/51      AC:  6    Str: 17    XL:     6   Next: 28%
Magic:  7/7        EV:  9    Int:  9    God:
Gold:   164        SH:  6    Dex: 23    Spells: 5/5 levels left

rFire   . . .      SeeInvis .    a - +0 long sword
rCold   . . .      Faith    .    c - +0 buckler
rNeg    . . .      Spirit   .    b - +0 scale mail
rPois   .          Reflect  .    (no helmet)
rElec   .          Rampage  .    (no cloak)
rCorr   .                        (no gloves)
Will    .....                    (no boots)
Stlth   +                        (no amulet)
HPRegen 0.28/turn                f - +6 ring of dexterity
MPRegen 0.10/turn                (no ring)

@: mighty, glowing
A: sense surroundings 1, otherworldly, glowing, explore regen
a: no special abilities


You were on level 4 of the Dungeon.
You visited 1 branch of the dungeon, and saw 4 of its levels.

You collected 164 gold pieces.

Inventory:

Hand Weapons
 a - a +0 long sword (weapon)
Armour
 b - a +0 scale mail (worn)
 c - a +0 buckler (worn)
Jewellery
 f - a +6 ring of dexterity (left hand)
 n - a +4 ring of protection
Scrolls
 e - a scroll of blinking {unknown}
 g - 3 scrolls of vulnerability {unknown}
 h - a scroll of fear {unknown}
 i - 2 scrolls of teleportation {unknown}
 l - 2 scrolls of identify {unknown}
 m - a scroll of immolation {unknown}
Potions
 d - 2 potions of might
 j - a potion of brilliance {unknown}
 k - a potion of lignification {unknown}
 o - a potion of haste {unknown}
 p - a potion of ambrosia {unknown}


   Skills:
 - Level 3.2 Fighting
 + Level 7.0 Long Blades
 - Level 3.6 Armour
 - Level 3.6 Shields


You had 5 spell levels left.
You didn't know any spells.
Your spell library contained the following spells:

 Spells                   Type           Power      Damage    Failure   Level
 Blink                    Tloc           0%         N/A       95%         2
 Manifold Assault         Tloc           0%         N/A       100%        4
 Storm Form               Tmut/Air       0%         N/A       100%        7


Dungeon Overview and Level Annotations

Branches:
Dungeon (4/15) Zot: 700
 Temple: D:4-7

Altars:
Xom


Innate Abilities, Weirdness & Mutations

You passively map a small area around you.
You are easily found by Zot.
You glow in the dark.
You regain HP and MP as you explore.


Message History

* * * LOW HITPOINT WARNING * * *
You barely miss the orc wizard.
The orc wizard is severely wounded.
The orc wizard completely misses you. Something hits you.
* * * LOW HITPOINT WARNING * * *
The orc wizard closely misses you.
Unknown command.
You barely miss something. Something hits you but does no damage.
The orc wizard closely misses you. x2
The orc wizard hits you but does no damage.
The orc wizard attacks as you move away!
The orc wizard barely misses you.
The orc wizard attacks as you move away!
The orc wizard hits you with a +0 dagger.
* * * LOW HITPOINT WARNING * * *
Unknown command.
You barely miss something.
You feel less confused. Something hits you.
* * * LOW HITPOINT WARNING * * *
A phantom comes into view.
The orc wizard hits you but does no damage. x2
Something hits you but does no damage. The orc wizard misses you.
The orc wizard mumbles some strange words.
The orc wizard flickers and vanishes!
Unknown command.
Unknown command.
Okay, then.
You feel very mighty all of a sudden. You block the orc wizard's attack.
Something hits you.
* * * LOW HITPOINT WARNING * * *
Something hits you.
* * * LOW HITPOINT WARNING * * *
Unknown command.
You slash the orc wizard!
You kill the orc wizard!
Something hits you.
* * * LOW HITPOINT WARNING * * *
Something hits you.
You die...

, , ..#...#. , , ...
..###......, , ... #......###
, , ...... . #..#......#.# ..
, ...... ..#..#.W..###.###..#
...... ,..........#..:o.#..#
...... ..........#'#.###.# *
....<###........{)..#.#...#
#.....#.......@)...###...##
#.#..............{.#........#
......<.##............#....##
............#..##.....#....#
.###........#..##.........##
#........#.........#..##
####...............####
##..#............###
#####....###......#


You could see a phantom.

Vanquished Creatures
  2 crimson imps (D:3)
  3 orc wizards
  An adder (D:3)
  A river rat (D:3)
  A worm (D:3)
  5 dart slugs
  4 orcs (D:3)
  5 ball pythons (D:3)
  4 bats
  4 endoplasms
  3 giant cockroaches
  A goblin (D:2)
  3 hobgoblins
  A quokka (D:1)
  A frilled lizard (D:2)
  4 kobolds
  9 rats
52 creatures vanquished.

Notes
Turn   | Place    | Note
-------+----------+-------------------------------------------
     0 | D:1      | lunkers the Meteoran Fighter began the quest for the Orb.
     0 | D:1      | Reached XP level 1. HP: 19/19 MP: 2/2
   170 | D:1      | Reached skill level 3 in Long Blades
   170 | D:1      | Reached XP level 2. HP: 26/26 MP: 3/3
   405 | D:2      | Reached XP level 3. HP: 31/31 MP: 4/4
   521 | D:2      | Reached skill level 4 in Long Blades
   990 | D:3      | Reached skill level 5 in Long Blades
   990 | D:3      | Reached XP level 4. HP: 21/38 MP: 5/5
  1291 | D:3      | Reached XP level 5. HP: 45/45 MP: 6/6
  1345 | D:3      | Found a shimmering altar of Xom.
  1348 | D:3      | Reached skill level 6 in Long Blades
  1557 | D:3      | Reached XP level 6. HP: 50/51 MP: 7/7
  1662 | D:4      | Reached skill level 7 in Long Blades
  1669 | D:4      | HP: 2/51 [something (3)]
  1670 | D:4      | Slain by an orc wizard

Illustrated notes

Levels and vault maps discovered:
D:1:      amcnicky_arrival_double_pillar, layout_loops_ring,
          grunt_decor_arrowhead
D:2:      layout_basic, kennysheep_generic_room_11
D:3:      minmay_wonky_spiral, layout_basic, led_xom_imps, portal_sewer_entry_e
D:4:      layout_cave_pools, temple_fountains, palyth_stone_intersect,
          minmay_a_box_with_orc_wizards_in_it

Skill      XL: |  1  2  3  4  5  6 |
---------------+-------------------+-----
Long Blades    | 3 5 6 7 |  7.0
Fighting       | |  3.2
Armour         | |  3.6
Shields        | |  3.6

Action                     |  1- 3 |  4- 6 || total
---------------------------+-------+-------++-------
  Melee: Long sword        |    68 |    72 ||   140
    Use: Potion            |     1 |     1 ||     2
 Armour: Scale mail        |    39 |    47 ||    86
  Dodge: Dodged            |    19 |    22 ||    41
  Block: Buckler           |    24 |    20 ||    44

Table legend: (Time is in decaauts)
 A = Elapsed time spent in this place.
 B = Non-inter-level travel time spent in this place.
 C = Inter-level travel time spent in this place.
 D = Time resting spent in this place.
 E = Time spent auto-exploring this place.
 F = Levels seen in this place.
 G = Mean time per level.
                   A        B        C        D        E       F      G
               +--------+--------+--------+--------+--------+-----+--------+
         Total |   1698 |   1621 |     77 |      0 |   1145 |   4 |  424.5 |
       Dungeon |   1698 |   1621 |     77 |      0 |   1145 |   4 |  424.5 |
               +--------+--------+--------+--------+--------+-----+--------+

Top non-repeatable levels by time:
     D:3: 860 daAuts
     D:1: 404 daAuts
     D:2: 370 daAuts
     D:4: 63 daAuts
